 Dungeon Sprint DCSS version 0.19.3-4-gbf9329e (webtiles) character file.

964 Kagutsuchi the Fighter (level 7, -19/70 (74) HPs)
             Began as a Purple Draconian Berserker on Jan 28, 2017.
             Was an Elder of Trog.
             Demolished by a tyrant leech (20 damage)
             ... in the Dungeon (Sprint II: "The Violet Keep of Menkaure").
             The game lasted 00:01:06 (562 turns).

Kagutsuchi the Fighter (Purple Draconian Berserker)  Turns: 562, Time: 00:01:07

HP:   -19/70 (74)   AC:  6    Str: 21    XL:     7   Next: 93%
MP:   7/7           EV: 17    Int:  7    God:    Trog [****..]
Gold: 729           SH:  0    Dex: 11    Spells: 0 memorised, 6 levels left

rFire  . . .     SeeInvis .     a - +0 falchion
rCold  . . .     Gourm    .     (armour unavailable)
rNeg   . . .     Faith    .     (no shield)
rPois  .         Spirit   .     (helmet restricted)
rElec  .         Reflect  .     (no cloak)
rCorr  .         Harm     .     (no gloves)
MR     +....     NoTele   +     (no boots)
Stlth  +.........               (no amulet)
                                (no ring)
                                (no ring)

@: exhausted, slowed, very slow
A: breathe power, unfitting armour, cold-blooded, AC +6
a: Breathe Dispelling Energy, Berserk, Trog's Hand, Brothers in Arms, Burn
Spellbooks, Renounce Religion


You were in the Dungeon.
You worshipped Trog.
Trog was greatly pleased with you.
You were not hungry.

You visited 1 branch You collected 729 gold pieces.

Inventory:

Hand Weapons
 a - a +0 falchion (weapon)
 i - a +0 spear
Scrolls
 h - a scroll of blinking
Potions
 c - a potion of curing
 d - a potion of heal wounds
 e - a potion of haste
 f - 2 potions of magic
 g - a potion of berserk rage


   Skills:
 + Level 11.4 Fighting
 + Level 10.5 Long Blades
 + Level 9.5 Dodging


You had 6 spell levels left.
You didn't know any spells.

Dungeon Overview and Level Annotations

Branches:
Dungeon (1/1)

Altars:


Innate Abilities, Weirdness & Mutations

You can breathe bolts of dispelling energy.
Your rich purple scales are hard. (AC +6)
You cannot fit into any form of body armour.
You are cold-blooded and may be slowed by cold attacks.


Message History

You hit the tyrant leech.
You tail-slap the tyrant leech, but do no damage.
The tyrant leech is heavily wounded.
You hit the tyrant leech.
The tyrant leech is heavily wounded.
The tyrant leech bites you!!
* * * LOW HITPOINT WARNING * * *
The tyrant leech draws strength from your injuries!
You hit the tyrant leech. You tail-slap the tyrant leech.
The tyrant leech is heavily wounded.
The tyrant leech bites you!
* * * LOW HITPOINT WARNING * * *
The tyrant leech draws strength from your injuries!
You miss the tyrant leech.
The tyrant leech is moderately wounded.
The tyrant leech closely misses you.
You hit the tyrant leech.
The tyrant leech is moderately wounded.
The tyrant leech bites you!!
You die...

##+## ##...##
#..#..#
####.#.####
##.###'###.#
#...##.##..##
#.'.<.†##.+
#...##@##..##
##.###w###.#
## .#. ### ..
.. ##. $## ##
##


You could see a tyrant leech.

Vanquished Creatures
  A siren (D)
  A tyrant leech (D)
  4 necrophages (D)
  4 worker ants (D)
10 creatures vanquished.

Vanquished Creatures (others)
  A crocodile (D)
1 creature vanquished.

Grand Total: 11 creatures vanquished

Notes
Turn   | Place    | Note
-------+----------+-------------------------------------------
     0 | D        | Kagutsuchi the Draconian Berserker began the quest for the Orb.
     0 | D        | Reached XP level 1. HP: 19/19 MP: 1/1
     1 | D        | Noticed a siren
     7 | D        | Killed a siren
     7 | D        | Reached skill level 9 in Fighting
     7 | D        | Reached XP level 2. HP: 37/37 MP: 2/2
     7 | D        | Reached XP level 3. HP: 42/42 MP: 3/3
     7 | D        | Reached XP level 4. HP: 50/50 MP: 4/4
     7 | D        | Reached XP level 5. HP: 57/57 MP: 5/5
     7 | D        | Reached XP level 6. HP: 63/63 MP: 6/6
    67 | D        | Reached ** piety under Trog
    68 | D        | Reached skill level 10 in Fighting
    91 | D        | Your scales start taking on a rich purple colour.
    91 | D        | Reached XP level 7. HP: 30/69 MP: 7/7
    92 | D        | Reached *** piety under Trog
   491 | D        | Reached skill level 10 in Long Blades
   499 | D        | Reached skill level 11 in Fighting
   531 | D        | Noticed a tyrant leech
   531 | D        | Noticed a tyrant leech
   542 | D        | Killed a tyrant leech
   542 | D        | Reached **** piety under Trog
   560 | D        | HP: 1/70 [tyrant leech (16)]
   562 | D        | Demolished by a tyrant leech

Skill      XL: |  1  2  3  4  5  6  7 |
---------------+----------------------+-----
Fighting       | 9 10 11 | 11.4
Long Blades    | 8 9 10 | 10.5
Dodging        | 7 8 9 |  9.5

Action                   |  1- 3 |  4- 6 |  7- 9 || total
-------------------------+-------+-------+-------++-------
Melee: Falchion          |     4 |    22 |    46 ||    72
       Tailslap          |       |     4 |     7 ||    11
Invok: Berserk           |     1 |     1 |     2 ||     4
  Eat: Bread ration      |       |       |     1 ||     1
Armor: Skin              |     1 |     4 |     2 ||     7
Dodge: Dodged            |     1 |    29 |    11 ||    41
       Rpst.: Falchion   |       |     8 |     3 ||    11
